Map: Tokamak LE

Players

Moja

  • Race: Terran Terran
  • League: Grandmaster
  • Spawn Location: 7:00

Remarcable (uThermal) - Winner!

  • Race: Terran Terran
  • League: Grandmaster
  • Spawn Location: 1:00

Event: HomeStory Cup XXVII

VOD

Have the link to the VOD?

Description

Time

  • Played on: June 28, 2025, 8:03 a.m.
  • Length: 6:12

All games in this series

Show
View Real Time Build Order
Export as new Build Order

Moja Terran 

Build Orders:  

Get SALT Encoding   

  12  0:00  SCV  
  13  0:12  SCV  
  14  0:16  Supply Depot  
  14  0:24  SCV  
  14  0:27  Refinery  
  15  0:38  SCV  
  16  0:43  Barracks  
  16  0:50  SCV  
  16  0:56  Refinery  
  17  1:02  SCV  
  18  1:14  SCV  
  19  1:30  Orbital Command, Reaper  
  20  1:33  Factory  
  20  1:41  Supply Depot  
  20  1:56  SCV  
  21  2:02  Reaper  
  21  2:08  SCV  
  23  2:17  Hellion  
  23  2:20  SCV  
  26  2:25  Command Center  
  26  2:32  SCV  
  26  2:34  Reaper  
  28  2:39  Hellion  
  28  2:42  Supply Depot  
  30  2:44  SCV  
  31  2:55  Starport  
  31  3:03  SCV  
  32  3:08  Factory Tech Lab  
  32  3:15  SCV  
  31  3:22  Barracks Reactor  
  31  3:27  SCV  
  32  3:34  Cyclone  
  32  3:35  Medivac  
  32  3:40  SCV  
  36  3:44  Orbital Command  
  33  3:52  SCV  
  33  3:54  Refinery  
  34  3:58  Marine x2  
  36  4:04  SCV  
  36  4:06  Siege Tank  
  36  4:09  SCV  
  41  4:15  Medivac  
  41  4:16  SCV  
  44  4:20  Marine  
  44  4:21  Supply Depot  
  44  4:22  SCV  
  46  4:28  SCV  
  46  4:34  SCV  
  47  4:40  SCV  
  46  4:45  Siege Tank  
  46  4:46  SCV  
  46  4:50  Marine x2  
  46  4:52  Medivac  
  54  4:57  SCV  
  54  4:58  SCV  
  56  5:00  Supply Depot  
  56  5:08  Marine x2  
  56  5:09  SCV  
  56  5:10  SCV  
  56  5:11  Command Center  
  60  5:21  SCV  
  60  5:22  SCV  
  56  5:35  SCV x2  
  56  5:39  Starport Reactor  
  56  5:42  Barracks  
  56  5:43  Engineering Bay  
  56  5:44  Barracks  
  56  5:45  Engineering Bay  
  56  5:47  SCV x2  
  55  5:59  SCV x2  
Show
View Real Time Build Order
Export as new Build Order

Remarcable Terran - Winner!

Build Orders:  

Get SALT Encoding   

  12  0:00  SCV  
  13  0:12  SCV  
  14  0:17  Supply Depot  
  14  0:24  SCV  
  15  0:39  SCV  
  15  0:40  Barracks  
  16  0:42  Refinery  
  16  0:51  SCV  
  16  0:52  Refinery  
  17  1:03  SCV  
  18  1:15  SCV  
  19  1:28  Orbital Command, Reaper  
  19  1:30  Supply Depot  
  20  1:42  Factory  
  20  1:53  SCV  
  21  2:00  Barracks Reactor  
  21  2:05  SCV  
  22  2:17  SCV  
  22  2:21  Command Center  
  23  2:26  Hellion  
  23  2:29  SCV  
  26  2:35  Supply Depot  
  26  2:36  Reaper  
  27  2:39  Reaper  
  27  2:43  SCV  
  29  2:48  Hellion  
  31  2:56  SCV  
  31  2:58  Starport  
  31  3:08  Reaper  
  29  3:13  Hellion  
  29  3:19  SCV  
  32  3:24  Reaper  
  31  3:34  SCV  
  31  3:35  Hellion  
  32  3:46  SCV  
  33  3:49  Starport Tech Lab, Hyperflight Rotors  
  33  3:57  Factory Tech Lab  
  33  3:58  SCV  
  33  3:59  Marine  
  33  4:00  Marine  
  35  4:04  Refinery  
  35  4:09  Banshee  
  38  4:10  SCV  
  38  4:16  Orbital Command  
  39  4:23  Cyclone, SCV  
  42  4:35  SCV  
  41  4:43  SCV  
  40  4:47  SCV  
  40  4:48  Marine x2  
  40  4:52  Banshee  
  45  4:55  Cyclone, SCV  
  45  4:56  Supply Depot  
  45  4:57  Refinery  
  45  4:59  SCV  
  50  5:05  Marine  
  50  5:06  Marine  
  52  5:07  SCV  
  52  5:11  SCV  
  52  5:12  Supply Depot  
  54  5:19  SCV  
  54  5:21  Supply Depot  
  55  5:23  Marine, SCV  
  55  5:24  Marine  
  55  5:27  Cyclone  
  61  5:31  SCV  
  63  5:46  SCV x2  
  63  5:48  Marine  
  66  5:51  Marine  
  67  5:58  SCV  
Tags
 
Add a new tag
Caveats
  • Supply blocks, unpowered buildings, or Contaminate may cause inaccurate times.
  • Supply counts are checked every 10 seconds.